 Dungeon Crawl Stone Soup version 0.23.2-40-g277498a001 (webtiles) character file.

Game seed: 15991397417789277093

175127 Amplified the Warrior (level 17, -11/120 HPs)
             Began as a Gargoyle Fire Elementalist on Sept 19, 2019.
             Was the Champion of the Shining One.
             Killed from afar by Azrael (13 damage)
             ... with a bolt of fire
             ... on level 2 of the Snake Pit on Sept 23, 2019.
             The game lasted 00:48:13 (27004 turns).

Amplified the Warrior (Gargoyle Fire Elementalist) Turns: 27004, Time: 00:48:14

Health: -11/120    AC: 31    Str: 26    XL:     17   Next: 80%
Magic:  0/22       EV: 12    Int: 17    God:    the Shining One [******]
Gold:   1037       SH:  0    Dex: 11    Spells: 16/20 levels left

rFire    + + .     SeeInvis .   D - +7 Screaming Sword {slice, sonic wave}
rCold    . . .     Gourm    .   (no shield)
rNeg     + + +     Faith    .   O - +3 ring mail {rF+}
rPois    ∞         Spirit   +   m - +2 helmet
rElec    +         Reflect  .   i - scarf {Spirit}
rCorr    +         Harm     .   l - +0 pair of gloves {Dex+3}
MR       +....                  K - +2 pair of boots {Stlth+}
Stlth    +.........             H - amulet of the acrobat
HPRegen  0.30/turn              d - ring of resist corrosion
MPRegen  0.18/turn              b - ring of the Gloaming {rF+ Str+4 Dex-3 Stlth+}

@: mighty, flying, slowed, glowing, constricted, studying Air Magic, very slow
A: big wings, negative energy resistance 1, electricity resistance, unbreathing,
petrification resistance, rot immunity, AC +12
}: 1/15 runes: serpentine
a: Stop Flying, Divine Shield, Cleansing Flame, Summon Divine Warrior, Brand
Weapon With Holy Wrath, Renounce Religion


You were on level 2 of the Snake Pit.
You worshipped the Shining One.
The Shining One was exalted by your worship.
You were not hungry.

You visited 6 branches of the dungeon, and saw 29 of its levels.
You also visited: Sewer, Bailey and Volcano.

You collected 3453 gold pieces.
You spent 2416 gold pieces at shops.

Inventory:

Hand Weapons
 k - a +2 dagger of holy wrath
 r - a +0 blowgun
 w - a +8 hunting sling of freezing
 D - the +7 Screaming Sword (weapon) {slice, sonic wave}
   (You found it on level 10 of the Dungeon)

   It inflicts extra damage upon your enemies.
Missiles
 f - 428 stones (quivered)
 B - 66 sling bullets
Armour
 h - the +9 scale mail "Luphoust" {Int-3 Dex+4}
   (You found it on level 3 of the Snake Pit)

   It affects your intelligence (-3).
   It affects your dexterity (+4).
 i - a scarf of spirit shield (worn)
 l - a +0 pair of gloves of dexterity (worn)
 m - a +2 helmet (worn)
 K - a +2 pair of boots of stealth (worn)
 O - a +3 ring mail of fire resistance (worn)
Jewellery
 b - the ring of the Gloaming (right hand) {rF+ Str+4 Dex-3 Stlth+}
   (You bought it in a shop on level 3 of the Snake Pit)

   [ring of stealth]

   It affects your strength (+4).
   It affects your dexterity (-3).
   It protects you from fire.
   It makes you more stealthy.
 d - a ring of resist corrosion (left hand)
 v - an uncursed amulet of faith
 H - an amulet of the acrobat (around neck)
Wands
 q - a wand of iceblast (11)
 s - a wand of paralysis (18)
 A - a wand of polymorph (29)
 I - a wand of flame (15)
 L - a wand of acid (12)
 S - a wand of enslavement (4)
Scrolls
 a - 9 scrolls of remove curse
 e - 8 scrolls of enchant weapon
 p - 2 scrolls of identify
 F - 4 scrolls of amnesia
 G - a scroll of fog
 U - a scroll of enchant armour
Potions
 g - a potion of ambrosia
 n - 5 potions of brilliance
 o - 3 potions of mutation
 t - a potion of agility
 u - a potion of resistance
 z - 3 potions of flight
 C - 4 potions of lignification
 J - 5 potions of curing
Books
 T - a manual of Air Magic
Miscellaneous
 j - a lightning rod (4/4)
Comestibles
 c - 23 rations


   Skills:
 * Level 18.6 Fighting
 * Level 15.9 Long Blades
 - Level 5.6 Slings
 - Level 10.7 Armour
 - Level 7.7 Dodging
 - Level 2.1 Stealth
 - Level 2.0 Spellcasting
 - Level 7.5 Conjurations
 - Level 3.0 Fire Magic
 * Level 9.5 Air Magic
 - Level 7.3 Invocations


You had 16 spell levels left.
You knew the following spells:

 Your Spells              Type           Power        Failure   Level  Hunger
a - Flame Tongue          Conj/Fire      ###..        3%          1    #......
b - Conjure Flame         Conj/Fire      ###.....     9%          3    ###....

Your spell library contained the following spells:

 Spells                   Type           Power        Failure   Level  Hunger
 Throw Flame              Conj/Fire      ###...       4%          2    ###....
 Sting                    Conj/Pois      ##..         5%          1    #......
 Poisonous Vapours        Pois/Air       ###...       5%          2    ###....
 Mephitic Cloud           Conj/Pois/Air  ###.....     8%          3    ###....
 Throw Frost              Conj/Ice       ##....       9%          2    ###....
 Stone Arrow              Conj/Erth      ##....       17%         3    ###....
 Animate Skeleton         Necr           N/A          26%         1    #......
 Corona                   Hex            #......      26%         1    #......
 Freeze                   Ice            #...         26%         1    #......
 Pain                     Necr           #...         26%         1    #......
 Sandblast                Erth           #.....       26%         1    #......
 Summon Small Mammal      Summ           #...         26%         1    #......
 Sticky Flame             Conj/Fire      ###.....     30%         4    #####..
 Call Imp                 Summ           #.......     36%         2    ###....
 Ensorcelled Hibernation  Hex/Ice        #.....       36%         2    ###....
 Passwall                 Tmut/Erth      #.......     36%         2    ###....
 Slow                     Hex            #.......     36%         2    ###....
 Summon Lightning Spire   Summ/Air       ###.....     36%         4    #####..
 Inner Flame              Hex/Fire       #.......     38%         3    ###....
 Throw Icicle             Conj/Ice       ##......     50%         4    #####..
 Call Canine Familiar     Summ           #.......     61%         3    ###....
 Ozocubu's Armour         Chrm/Ice       #.......     61%         3    ###....
 Portal Projectile        Hex/Tloc       #.....       61%         3    ###....
 Regeneration             Chrm/Necr      #.........   61%         3    ###....
 Summon Guardian Golem    Hex/Summ       #.......     61%         3    ###....
 Vampiric Draining        Necr           #.........   61%         3    ###....
 Fireball                 Conj/Fire      ###.......   63%         5    ######.
 Silence                  Hex/Air        ###.......   71%         5    ######.
 Iskenderun's Battlesphe  Conj/Chrm      ##......     83%         5    ######.
 Venom Bolt               Conj/Pois      ##........   83%         5    ######.
 Bolt of Magma            Conj/Fire/Erth ##........   86%         5    ######.
 Animate Dead             Necr           N/A          95%         4    #####..
 Cause Fear               Hex            #.........   95%         4    #####..
 Leda's Liquefaction      Hex/Erth       #.........   95%         4    #####..
 Olgreb's Toxic Radiance  Pois           #.......     95%         4    #####..
 Petrify                  Tmut/Erth      #.......     95%         4    #####..
 Summon Ice Beast         Ice/Summ       #.......     95%         4    #####..
 Borgnjor's Vile Clutch   Necr/Erth      #.........   100%        5    ######.
 Lee's Rapid Deconstruct  Erth           #.........   100%        5    ######.
 Darkness                 Hex            #.........   100%        6    #######
 Iron Shot                Conj/Erth      ##........   100%        6    #######
 Shadow Creatures         Summ           N/A          100%        6    #######
 Orb of Destruction       Conj           ####......   100%        7    #######
 Spellforged Servitor     Conj/Summ      ##........   100%        7    #######
 Shatter                  Erth           #.........   100%        9    #######
 Statue Form              Tmut/Erth      Unusable     N/A         6    N/A

Dungeon Overview and Level Annotations

Branches:
Dungeon (15/15)            Temple (1/1) D:7            Lair (6/6) D:9
  Swamp (0/4) Lair:4        Snake (4/4) Lair:3        Slime (0/5) Lair:6
    Orc (2/2) D:11            Elf (1/3) Orc:2        Vaults (0/5) D:14
 Depths (0/5) D:15

Altars:
Ashenzari
Cheibriados
Dithmenos
Elyvilon
Fedhas
Gozag
Hepliaklqana
Kikubaaqudgha
Makhleb
Nemelex Xobeh
Okawaru
Qazlal
Ru
Sif Muna
Trog
Uskayaw
Vehumet
Wu Jian
Xom
Yredelemnul
Zin
The Shining One
Beogh
Lugonu

Shops:
D:13 *(   Orc:1 =   Orc:2 ?[(   Snake:3 [=

Annotations:
D:12 Nessos
Lair:3 exclusion: oklob plant
Snake:1 exclusion: 2 oklob plants
Snake:2 Azrael


Innate Abilities, Weirdness & Mutations

You are resistant to torment.
Your stone body is resilient. (AC +12)
You are immune to poison.
Your large and strong wings let you fly indefinitely.
You resist negative energy. (rN+)
You are resistant to electric shocks. (rElec)
You can survive without breathing.
You are immune to petrification.
You are immune to rotting.


Message History

* * * LOW HITPOINT WARNING * * *
The naga warrior spits poison at you.
The splash of poison hits you but does no damage.
You resist. The naga warrior constricts you. The anaconda misses you.
You riposte.
You slash the anaconda!
The anaconda is moderately wounded.
The shock serpent shoots out a bolt of lightning at you!
The bolt of electricity hits you. You resist.
* * * LOW HITPOINT WARNING * * *
Azrael closely misses you.
The naga warrior hits you with a +0 flail.
* * * LOW HITPOINT WARNING * * *
The naga warrior constricts you.
Unknown command.
You slice the naga warrior!!
The naga warrior is almost dead.
The shock serpent misses you. Azrael gestures at you.
The bolt of fire hits you! You resist.
You die...

.. #.....# #..°...#. ..
#.....# #.R...### . ##.....##
##.†....# .## ...#...####)÷.#.
#.# #.##..)....### ###.#
##..†.)....#####
#####...###..○.°†)........#
##.......).(.RNSS).>........
##..%....>(†..).@NhN..........
)....÷.....)##.########.......
<)$.############ ########
......# ........ ........
####.#.. ## .


You could see a naga warrior, Azrael, an anaconda, a naga ritualist, a shock
serpent, a hell hound and a naga.

Vanquished Creatures
  Vashnia (Snake:4)
  Nikola (Snake:4)
  Jorgrun (Orc:1)
  Rupert (Lair:5)
  The ghost of chimenez the Basher, a journeyman TrFi of Okawaru (Snake:1)
  Roxanne (Snake:4)
  7 nagarajas
  Aizul (Snake:4)
  An orc warlord (Orc:1)
  The ghost of Caim the Basher, a journeyman DsAK of Lugonu (Snake:1)
  An ice dragon (Lair:3)
  5 vault guards (D:14)
  8 naga warriors
  6 hydras
  5 anacondas (Snake:4)
  4 centaur warriors
  2 tengu warriors (D:15)
  2 two-headed ogres
  4 death yaks (Lair:4)
  4 orc high priests (Orc:2)
  11 naga sharpshooters
  8 shock serpents
  Urug (Lair:6)
  A deep elf knight (D:14)
  A sun demon (Volcano)
  2 salamander mystics
  A sea snake (Snake:1)
  2 unseen horrors
  5 orc knights
  A wizard (D:15)
  A wolf spider zombie (D:15)
  4 naga ritualists
  A necromancer (D:15)
  3 mana vipers
  An oklob plant (Snake:1)
  A deep elf mage (Elf:1)
  22 ugly things
  3 cyclopes
  8 orc sorcerers
  4 elephants (Lair:4)
  16 naga magi
  8 salamanders
  Joseph (D:7)
  A torpor snail (Lair:3)
  26 black mambas
  2 guardian serpents
  16 spiny frogs
  3 gargoyles
  A rime drake (Lair:3)
  5 centaur skeletons
  A yaktaur (D:14)
  An efreet (D:14)
  6 komodo dragons
  2 kobold demonologists (D:14)
  A freezing wraith (D:10)
  A tengu conjurer (D:14)
  3 red devils (Volcano)
  3 trolls
  3 bog bodies (Lair:4)
  3 slime creatures (D:15)
  17 blink frogs
  4 tyrant leeches (Lair:6)
  10 dream sheep
  A hornet (D:13)
  10 hippogriffs
  A vampire (D:11)
  A centaur simulacrum (D:15)
  2 wraiths
  A wyvern (D:13)
  39 yaks
  A fire elemental (Snake:2)
  5 hogs (Snake:2)
  The ghost of lepoulpe303 the Ruffian, an amateur DrTm of Cheibriados (D:4)
  A hungry ghost (D:15)
  5 basilisks
  A human (D:14)
  A steam dragon (D:11)
  14 vampire mosquitoes
  A swamp worm (Lair:4)
  7 wargs
  10 water moccasins
  2 acid dragons
  37 nagas
  17 porcupines
  A hornet zombie (D:15)
  A black bear (D:8)
  6 hell hounds
  31 orc warriors
  3 phantoms
  3 necrophages
  3 sky beasts
  5 wolves
  5 ice beasts
  An eye of draining (D:13)
  7 ogres
  9 centaurs
  8 crocodiles
  Blork the orc (D:6)
  2 big kobolds
  20 bullfrogs
  A gnoll sergeant (D:6)
  A wyvern zombie (D:14)
  A wyvern skeleton (D:14)
  A water moccasin zombie (D:10)
  4 scorpions
  3 wights (D:11)
  10 killer bees (D:10)
  8 electric eels
  2 bullfrog zombies
  10 crimson imps
  A quasit (D:11)
  3 centaur zombies
  4 hounds
  A jelly (D:10)
  28 orc priests
  5 bullfrog skeletons
  5 iguanas
  25 orc wizards
  A gnoll shaman (D:4)
  11 worker ants
  A statue (D:4)
  A hound skeleton (D:9)
  A howler monkey zombie (D:5)
  Robin (D:2)
  2 worker ant zombies
  14 gnolls
  A howler monkey skeleton (D:8)
  14 adders
  6 river rats (Sewer)
  2 shadow imps
  An adder zombie (D:6)
  3 adder skeletons
  3 dart slugs
  6 worms
  13 leopard geckos
  126 orcs
  6 bats
  14 giant cockroaches
  15 goblins
  10 hobgoblins
  3 jackals
  8 quokkas
  3 ball pythons (Sewer)
  10 frilled lizards
  22 kobolds
  26 rats
  10 fungi
  18 plants
1001 creatures vanquished.

Vanquished Creatures (collateral kills)
  Kirke (Snake:2)
  A salamander (Snake:2)
  A black mamba (Snake:2)
  A fire elemental (Snake:2)
  A naga (Snake:2)
  2 hell hounds (Snake:2)
7 creatures vanquished.

Vanquished Creatures (others)
  A naga ritualist (Snake:1)
  A naga (Snake:4)
  A centaur (D:15)
  13 fungi
  50 plants
66 creatures vanquished.

Grand Total: 1074 creatures vanquished

Notes
Turn   | Place    | Note
-------+----------+-------------------------------------------
     0 | D:1      | Amplified the Gargoyle Fire Elementalist began the quest
                  | for the Orb.
     0 | D:1      | Reached XP level 1. HP: 10/10 MP: 3/3
    78 | D:2      | Reached skill level 1 in Fighting
   167 | D:2      | Reached XP level 2. HP: 17/17 MP: 1/5
   229 | D:2      | Reached skill level 2 in Fighting
   315 | D:3      | Noticed an ogre
   325 | D:3      | Found a stormy altar of Qazlal.
   525 | D:3      | Noticed an orc warrior
   597 | D:3      | Reached XP level 3. HP: 19/22 MP: 6/6
   611 | D:3      | Noticed a hungry ghost
   694 | D:2      | Learned a level 3 spell: Conjure Flame
   699 | D:2      | Reached skill level 1 in Long Blades
   974 | D:1      | Reached XP level 4. HP: 8/27 MP: 7/7
  1107 | D:1      | Reached skill level 3 in Fighting
  1966 | D:2      | Noticed Robin
  1972 | D:2      | Killed Robin
  2291 | D:3      | Reached XP level 5. HP: 19/32 MP: 8/8
  2315 | D:3      | Killed an ogre
  2361 | D:3      | Found a glowing silver altar of Zin.
  2689 | D:4      | Found a runed translucent door.
  2691 | D:4      | Noticed lepoulpe303's ghost (amateur DrTm)
  2771 | D:3      | Reached skill level 4 in Fighting
  2771 | D:3      | Reached XP level 6. HP: 38/38 MP: 9/9
  2834 | D:4      | Noticed a phantom
  2866 | D:4      | Killed a phantom
  3039 | D:4      | Found a radiant altar of Vehumet.
  3125 | D:4      | Found a glowing drain.
  3176 | Sewer    | Entered a sewer
  3310 | Sewer    | Reached XP level 7. HP: 44/44 MP: 10/10
  3561 | Sewer    | Reached skill level 5 in Fighting
  4136 | D:5      | Entered Level 5 of the Dungeon
  4375 | D:5      | Reached skill level 5 in Conjurations
  4470 | D:5      | Reached XP level 8. HP: 22/51 MP: 11/11
  4868 | D:5      | Found a bloodstained altar of Trog.
  5274 | D:5      | Reached skill level 6 in Fighting
  6003 | D:6      | Reached skill level 5 in Long Blades
  6184 | D:6      | Found a sacrificial altar of Ru.
  6259 | D:6      | Reached skill level 7 in Fighting
  6498 | D:6      | Found a basalt altar of Yredelemnul.
  6746 | D:6      | Reached XP level 9. HP: 53/57 MP: 12/12
  6864 | D:6      | Noticed Blork the orc
  6893 | D:6      | Killed Blork the orc
  7293 | D:7      | Found a hazy altar of Hepliaklqana.
  7315 | D:7      | Noticed Joseph
  7344 | D:7      | Killed Joseph
  7344 | D:7      | Reached skill level 8 in Fighting
  7530 | D:7      | Reached skill level 1 in Slings
  7555 | D:7      | Found a staircase to the Ecumenical Temple.
  7620 | Temple   | Entered the Ecumenical Temple
  8099 | D:5      | Identified a scroll of acquirement
  8184 | D:4      | Killed lepoulpe303's ghost
  8578 | D:8      | Reached XP level 10. HP: 65/65 MP: 13/13
  8584 | D:8      | Reached skill level 9 in Fighting
  9186 | D:9      | Noticed a centaur warrior
  9195 | D:9      | Killed a centaur warrior
  9343 | D:9      | Found a staircase to the Lair.
  9461 | D:9      | Found a sparkling altar of Nemelex Xobeh.
  9528 | D:9      | Found a white marble altar of Elyvilon.
  9682 | D:9      | Found a glowing golden altar of the Shining One.
  9682 | D:9      | Found an opulent altar of Gozag.
  9765 | D:9      | Became a worshipper of the Shining One
  9975 | D:10     | Entered Level 10 of the Dungeon
 10110 | D:10     | Reached skill level 5 in Slings
 10633 | D:10     | Reached * piety under the Shining One
 10708 | D:10     | Reached XP level 11. HP: 69/72 MP: 14/14
 10714 | D:10     | Found the +7 Singing Sword {slice, sonic wave}
 10849 | D:11     | Found a staircase to the Orcish Mines.
 10936 | D:11     | Reached skill level 10 in Fighting
 11166 | D:11     | Reached ** piety under the Shining One
 11223 | D:11     | Reached skill level 5 in Dodging
 11491 | D:11     | Found a sparkling altar of Nemelex Xobeh.
 11787 | D:12     | Noticed Nessos
 11794 | D:12     | Noticed Nessos
 11794 | D:12     | Nessos changed into Nessos the glowing shapeshifter
 11795 | D:12     | Noticed Nessos
 11795 | D:12     | Nessos the glowing shapeshifter changed into Nessos the
                  | anaconda
 11798 | D:12     | Noticed Nessos
 11798 | D:12     | Nessos the anaconda changed into Nessos the satyr
 11804 | D:12     | Noticed Nessos
 11805 | D:12     | Noticed a centaur warrior
 11805 | D:12     | Reached *** piety under the Shining One
 11873 | Lair:1   | Entered Level 1 of the Lair of Beasts
 12031 | Lair:1   | Reached skill level 11 in Fighting
 13067 | Lair:2   | Reached XP level 12. HP: 70/80 MP: 15/15
 13240 | Lair:3   | Reached skill level 10 in Long Blades
 13364 | Lair:3   | Reached skill level 12 in Fighting
 13648 | Lair:3   | Found a staircase to the Snake Pit.
 13843 | Lair:3   | Noticed an ice dragon
 13855 | Lair:3   | Killed an ice dragon
 14282 | Lair:4   | Reached **** piety under the Shining One
 14394 | Lair:4   | Reached skill level 1 in Armour
 14514 | Lair:4   | Reached XP level 13. HP: 72/87 MP: 16/16
 14524 | Lair:4   | Reached skill level 13 in Fighting
 14872 | Lair:4   | Got an amber-studded plate armour
 14901 | Lair:4   | Found a staircase to the Swamp.
 15224 | Lair:5   | Noticed Rupert
 15235 | Lair:5   | Killed Rupert
 15235 | Lair:5   | Reached skill level 5 in Armour
 16463 | Lair:6   | Entered Level 6 of the Lair of Beasts
 16463 | Lair:6   | Noticed Urug
 16469 | Lair:6   | Killed Urug
 16547 | Lair:6   | Reached skill level 14 in Fighting
 16552 | Lair:6   | Reached ***** piety under the Shining One
 16616 | Lair:6   | Gained mutation: Your large and strong wings let you fly
                  | indefinitely. [Gargoyle growth]
 16616 | Lair:6   | Reached XP level 14. HP: 60/96 MP: 14/17
 16686 | Lair:6   | Found a staircase to the Slime Pits.
 16917 | Lair:6   | Identified the cursed +1 plate armour "Tesatreugu" {rF+++
                  | Regen+ Str-5 Dex+3} (You found it on level 4 of the Lair of
                  | Beasts)
 16961 | Lair:6   | Found the +27 Lear's hauberk
 17944 | Orc:1    | Entered Level 1 of the Orcish Mines
 17948 | Orc:1    | Noticed an orc warlord
 17951 | Orc:1    | Noticed Jorgrun
 17978 | Orc:2    | Entered Level 2 of the Orcish Mines
 18094 | Orc:2    | Found a dark tunnel.
 18277 | Volcano  | Entered a volcano
 18353 | Volcano  | Reached ****** piety under the Shining One
 18359 | Volcano  | Reached skill level 15 in Fighting
 18711 | Orc:2    | Found Gaskas's Weapon Boutique.
 18711 | Orc:2    | Found Leus's Magic Scroll Shop.
 18823 | Orc:2    | Found Vuocaik's Food Boutique.
 18823 | Orc:2    | Found Silikh's Armour Shop.
 18842 | Orc:2    | Bought a scroll of acquirement for 728 gold pieces
 18842 | Orc:2    | Bought a scroll of blinking for 105 gold pieces
 18842 | Orc:2    | Bought a scroll of summoning for 133 gold pieces
 18852 | Orc:2    | Bought a ration for 55 gold pieces
 18852 | Orc:2    | Bought a ration for 55 gold pieces
 18852 | Orc:2    | Bought a ration for 55 gold pieces
 18852 | Orc:2    | Bought a ration for 55 gold pieces
 18852 | Orc:2    | Bought a ration for 55 gold pieces
 18852 | Orc:2    | Bought a ration for 55 gold pieces
 18852 | Orc:2    | Bought a ration for 55 gold pieces
 18852 | Orc:2    | Bought a ration for 55 gold pieces
 18852 | Orc:2    | Bought a ration for 55 gold pieces
 18852 | Orc:2    | Bought a ration for 55 gold pieces
 18852 | Orc:2    | Bought a ration for 55 gold pieces
 18852 | Orc:2    | Bought a ration for 55 gold pieces
 18972 | Orc:2    | Found a staircase to the Elven Halls.
 19012 | Elf:1    | Entered Level 1 of the Elven Halls
 19099 | Orc:1    | Killed Jorgrun
 19114 | Orc:1    | Found a roughly hewn altar of Beogh.
 19265 | Orc:1    | Killed an orc warlord
 19265 | Orc:1    | Reached skill level 10 in Armour
 19323 | Orc:1    | Reached XP level 15. HP: 62/103 MP: 16/18
 19501 | Orc:1    | Found Ronn's Jewellery Shop.
 19509 | Orc:1    | Bought an uncursed ring of resist corrosion for 320 gold
                  | pieces
 19713 | D:13     | Found Hodyehat's Assorted Antiques.
 19790 | D:13     | Found Nouwkoogi's Weapon Shop.
 19854 | D:13     | Found a flagged portal.
 19861 | Bailey   | Entered a bailey
 20645 | D:15     | Entered Level 15 of the Dungeon
 20982 | D:15     | Reached skill level 1 in Invocations
 21045 | D:15     | Reached skill level 16 in Fighting
 21734 | D:15     | Found a staircase to the Depths.
 22152 | D:14     | Reached skill level 5 in Invocations
 22211 | D:14     | Found a gate to the Vaults.
 22266 | D:14     | Found a hide-covered altar of Uskayaw.
 22318 | D:14     | Reached XP level 16. HP: 106/111 MP: 20/20
 23217 | Snake:1  | Entered Level 1 of the Snake Pit
 23218 | Snake:1  | Noticed a nagaraja
 23229 | Snake:1  | Killed a nagaraja
 23258 | Snake:1  | Reached skill level 17 in Fighting
 23542 | Snake:1  | Found a runed translucent gate.
 23542 | Snake:1  | Found a runed translucent gate.
 23542 | Snake:1  | Found a runed translucent gate.
 23543 | Snake:1  | Noticed chimenez's ghost (journeyman TrFi)
 23547 | Snake:1  | Noticed Caim's ghost (journeyman DsAK)
 23699 | Snake:1  | Killed Caim's ghost
 23705 | Snake:1  | Killed chimenez's ghost
 23795 | Snake:1  | Reached skill level 1 in Air Magic
 24123 | Snake:2  | Noticed Kirke
 24145 | Snake:2  | Noticed Azrael
 24192 | Snake:3  | Got a slimy scale mail
 24196 | Snake:3  | Found Giomatyuq's Antique Armour Emporium.
 24315 | Snake:3  | Identified the +9 scale mail "Luphoust" {Int-3 Dex+4} (You
                  | found it on level 3 of the Snake Pit)
 24446 | Snake:3  | Found a shimmering altar of Xom.
 24735 | Snake:3  | Found Agaug's Jewellery Shoppe.
 24744 | Snake:3  | Bought the ring of the Gloaming {rF+ Str+4 Dex-3 Stlth+}
                  | for 470 gold pieces
 25279 | Snake:3  | Reached skill level 15 in Long Blades
 25528 | Snake:4  | Entered Level 4 of the Snake Pit
 25528 | Snake:4  | Noticed Aizul
 25540 | Snake:4  | Killed Aizul
 25560 | Snake:4  | Noticed Nikola
 25569 | Snake:4  | Reached skill level 5 in Air Magic
 25574 | Snake:4  | Killed Nikola
 25589 | Snake:4  | Noticed Vashnia
 25611 | Snake:4  | Reached XP level 17. HP: 68/119 MP: 14/22
 25620 | Snake:4  | Killed Vashnia
 25742 | Snake:4  | Reached skill level 18 in Fighting
 26340 | Snake:4  | Noticed Roxanne
 26810 | Snake:4  | Got a serpentine rune of Zot
 26935 | Snake:4  | Killed Roxanne
 26998 | Snake:2  | Killed Kirke
 27003 | Snake:2  | HP: 3/120 [shock serpent/bolt of electricity (5)]
 27003 | Snake:2  | HP: 1/120 [naga warrior/+0 flail (2)]
 27004 | Snake:2  | Killed from afar by Azrael

Skill      XL: |  1  2  3  4  5  6  7  8  9 10 11 12 13 14 15 16 17 |
---------------+----------------------------------------------------+-----
Fighting       | 1 2 3 4 5 7 8 9 11 12 14 15 16 17 18 | 18.6
Long Blades    | 1 2 3 4 5 7 8 9 10 12 13 14 15 | 15.9
Conjurations   | 2 3 4 5 6 7 |  7.5
Slings         | 3 5 |  5.6
Dodging        | 3 6 7 |  7.7
Armour         | 2 7 10 | 10.7
Invocations    | 5 7 |  7.3
Air Magic      | 6 9 |  9.5
Stealth        | |  2.1
Spellcasting   | |  2.0
Fire Magic     | |  3.0

Action                   |  1- 3 |  4- 6 |  7- 9 | 10-12 | 13-15 | 16-18 || total
-------------------------+-------+-------+-------+-------+-------+-------++-------
Melee: Unarmed           |     9 |       |       |       |       |       ||     9
       Dagger            |    88 |   238 |   558 |       |       |       ||   884
       Long sword        |     8 |       |       |       |       |       ||     8
       Short sword       |       |    14 |    19 |     7 |       |       ||    40
       Double sword      |       |       |       |   245 |   598 |   454 ||  1297
 Fire: Hunting sling     |       |       |    77 |   248 |    35 |     6 ||   366
 Cast: Flame Tongue      |    18 |     6 |       |       |       |       ||    24
Invok: Divine Shield     |       |       |       |     1 |     4 |     4 ||     9
       Cleansing Flame   |       |       |       |       |       |     6 ||     6
       Summon Divine War |       |       |       |       |       |     1 ||     1
 Abil: Evoke Berserk Rag |       |     1 |     5 |     2 |     3 |       ||    11
       Fly               |       |       |       |       |     1 |       ||     1
Evoke: Wand              |       |       |    11 |     4 |     1 |       ||    16
       Lightning rod     |       |       |       |       |       |     1 ||     1
  Use: Scroll            |     3 |    11 |     8 |    13 |    19 |     6 ||    60
       Potion            |     1 |     4 |     3 |     6 |     9 |     9 ||    32
 Stab: Sleeping          |     1 |     5 |       |       |       |       ||     6
       Paralysed         |       |       |     6 |       |       |       ||     6
  Eat: Chunk             |     1 |     9 |    13 |     4 |     8 |       ||    35
       Ration            |       |       |     4 |     4 |     7 |     4 ||    19
Armor: Robe              |    47 |    28 |       |       |       |       ||    75
       Ring mail         |       |    91 |   305 |   208 |   392 |   258 ||  1254
       Scale mail        |       |       |       |       |       |     4 ||     4
       Skin              |       |       |       |       |       |     2 ||     2
Dodge: Dodged            |    97 |   140 |   291 |   253 |   454 |   322 ||  1557
Block: Other             |       |       |       |     6 |    15 |    17 ||    38
       Rpst.: Long sword |     3 |       |       |       |       |       ||     3
       Double sword      |       |       |       |    48 |   101 |    48 ||   197
